[Event "British Championship 2024"]
[Site "Hull"]
[Date "2024.08.01"]
[Round "6.22"]
[White "Sachdeva, Ronit"]
[Black "Davies, Nigel R"]
[Result "1/2-1/2"]
[Annotator "RC"]
[ECO "E08"]
[WhiteElo "1907"]
[BlackElo "2325"]
[PlyCount "47"]
[EventDate "2024.07.31"]
[EventCountry "GBR"]
[SourceTitle "playchess.com"]
[Source "ChessBase"]
[SourceQuality "1"]
[TimeControl "40/5400+30:1800+30"]

1. d4 Nf6 2. c4 e6 3. g3 d5 4. Bg2 Be7 5. Nf3 O-O 6. O-O Nbd7 7. Qc2 a5 8. Nbd2 c5 9. Rd1 Qb6 10. e3 cxd4 11. Nxd4 Ne5 12. cxd5 exd5 13. N2f3 Nc6 14. Bd2 Ne4 15. Be1 Bg4 16. h3 Nxd4 17. Rxd4 Be6 18. Rdd1 Rfc8 19. Qb3 Qxb3 20. axb3 Bf6 21. Nd4 Bxd4 22. Rxd4 Rc2 23. Bxe4 dxe4 24. Rxa5 1/2-1/2

[Event "British Championship 2024"]
[Site "Hull"]
[Date "2024.08.01"]
[Round "6.23"]
[White "Mirzoeva, Elmira"]
[Black "Kanyamarala, Trisha"]
[Result "1/2-1/2"]
[Annotator "RC"]
[ECO "E51"]
[WhiteElo "2260"]
[BlackElo "2219"]
[PlyCount "82"]
[EventDate "2024.07.31"]
[EventCountry "GBR"]
[SourceTitle "playchess.com"]
[Source "ChessBase"]
[SourceQuality "1"]
[TimeControl "40/5400+30:1800+30"]

1. d4 Nf6 2. c4 e6 3. Nf3 d5 4. Nc3 Bb4 5. e3 O-O 6. Bd2 c5 7. a3 Bxc3 8. Bxc3 Ne4 9. Qc2 Nxc3 10. bxc3 cxd4 11. cxd4 Nc6 12. cxd5 Qa5+ 13. Qd2 Qxd5 14. Bd3 Rd8 15. O-O Qd6 16. Ng5 h6 17. Ne4 Qe7 18. f4 b6 19. Rac1 Bb7 20. Rc3 Na5 21. Rfc1 Rac8 22. Qc2 f5 23. Nd2 Rxc3 24. Qxc3 Qd6 25. Nf3 Rc8 26. Qb2 Rxc1+ 27. Qxc1 Bxf3 28. gxf3 Qd5 29. Kf2 Qa2+ 30. Be2 Kh7 31. Qc3 Kg6 32. e4 Qb3 33. Qxb3 Nxb3 34. Ke3 Kf6 35. Bb5 g5 36. e5+ Ke7 37. fxg5 hxg5 38. Bc4 Na5 39. Bb5 Nb3 40. Ba4 Na5 41. Bb5 Nb3 1/2-1/2

[Event "British Championship 2024"]
[Site "Hull"]
[Date "2024.08.01"]
[Round "6.24"]
[White "Badacsonyi, Stanley"]
[Black "Taylor, Adam A"]
[Result "1/2-1/2"]
[Annotator "RC"]
[ECO "A37"]
[WhiteElo "2132"]
[BlackElo "2281"]
[PlyCount "48"]
[EventDate "2024.07.31"]
[EventCountry "GBR"]
[SourceTitle "playchess.com"]
[Source "ChessBase"]
[SourceQuality "1"]
[TimeControl "40/5400+30:1800+30"]

1. Nf3 c5 2. g3 Nc6 3. Bg2 g6 4. O-O Bg7 5. d3 e6 6. c4 Nge7 7. Nc3 O-O 8. Rb1 d5 9. Bd2 b6 10. a3 dxc4 11. dxc4 Na5 12. b3 Bb7 13. Qc1 Nf5 14. Rd1 Qe7 15. e3 Rfd8 16. Qc2 Bc6 17. Ne2 Qb7 18. Ne1 Bxg2 19. Nxg2 Nc6 20. Bc3 Ne5 21. Ne1 Nf3+ 22. Nxf3 Qxf3 23. Bxg7 Kxg7 24. Nc3 h5 1/2-1/2

[Event "British Championship 2024"]
[Site "Hull"]
[Date "2024.08.01"]
[Round "6.25"]
[White "Pein, Jonathan"]
[Black "Starley, Robert"]
[Result "1/2-1/2"]
[Annotator "RC"]
[ECO "C30"]
[WhiteElo "2279"]
[BlackElo "2017"]
[PlyCount "73"]
[EventDate "2024.07.31"]
[EventCountry "GBR"]
[SourceTitle "playchess.com"]
[Source "ChessBase"]
[SourceQuality "1"]
[TimeControl "40/5400+30:1800+30"]

1. e4 e5 2. Nc3 Nc6 3. f4 d6 4. Nf3 Nf6 5. Bb5 exf4 6. d4 Bd7 7. Bxf4 Be7 8. Qe2 O-O 9. O-O-O a6 10. Bxc6 bxc6 11. Rhg1 Re8 12. g4 Bf8 13. Bg5 Be7 14. h4 Nxg4 15. Rdf1 h5 16. Qc4 Be6 17. Qd3 g6 18. Ne2 d5 19. e5 a5 20. Ng3 Kg7 21. Bxe7 Qxe7 22. Ng5 Rh8 23. Rf4 Raf8 24. Rgf1 Qd7 25. Qc3 a4 26. a3 f5 27. exf6+ Rxf6 28. Rxf6 Nxf6 29. Qe3 Re8 30. Qf4 Ng4 31. Nxe6+ Qxe6 32. Qxc7+ Re7 33. Qb8 Re8 34. Qc7+ Re7 35. Qb8 Re8 36. Qa7+ Re7 37. Qb8 1/2-1/2

[Event "British Championship 2024"]
[Site "Hull"]
[Date "2024.08.01"]
[Round "6.26"]
[White "Lewis, Andrew P"]
[Black "Rathbone-Jones, Ifan"]
[Result "1/2-1/2"]
[Annotator "RC"]
[ECO "A14"]
[WhiteElo "2272"]
[BlackElo "2014"]
[PlyCount "44"]
[EventDate "2024.07.31"]
[EventCountry "GBR"]
[SourceTitle "playchess.com"]
[Source "ChessBase"]
[SourceQuality "1"]
[TimeControl "40/5400+30:1800+30"]

1. Nf3 Nf6 2. c4 e6 3. g3 d5 4. Bg2 Be7 5. O-O O-O 6. b3 c5 7. Bb2 Nc6 8. e3 Qc7 9. Nc3 Rd8 10. cxd5 exd5 11. d4 b6 12. Rc1 Ba6 13. Re1 Rac8 14. a3 Kh8 15. Ng5 Kg8 16. dxc5 bxc5 17. Na4 Ne5 18. Nxc5 Bxc5 19. b4 Nd3 20. Rxc5 Nxc5 21. bxc5 Qe7 22. Bd4 h6 1/2-1/2

[Event "British Championship 2024"]
[Site "Hull"]
[Date "2024.08.01"]
[Round "6.27"]
[White "Khoury, Theo"]
[Black "Hobson, Kenneth"]
[Result "1-0"]
[Annotator "RC"]
[ECO "B00"]
[WhiteElo "2057"]
[BlackElo "2227"]
[PlyCount "93"]
[EventDate "2024.07.31"]
[EventCountry "GBR"]
[SourceTitle "playchess.com"]
[Source "ChessBase"]
[SourceQuality "1"]
[TimeControl "40/5400+30:1800+30"]

1. e4 Nc6 2. d4 d5 3. e5 Bf5 4. c3 e6 5. Bd3 Nge7 6. f4 Qd7 7. Nf3 f6 8. Qe2 h5 9. Nbd2 Bxd3 10. Qxd3 Nf5 11. Nf1 a6 12. Ne3 Nce7 13. a4 Nxe3 14. Bxe3 Nf5 15. O-O a5 16. Bf2 Rc8 17. Rae1 Kf7 18. g3 Nh6 19. exf6 gxf6 20. Nh4 Nf5 21. Nxf5 exf5 22. Re3 Bd6 23. Rfe1 c6 24. Kh1 Rce8 25. Rxe8 Rxe8 26. Rxe8 Kxe8 27. Qe2+ Kd8 28. Qxh5 Qe6 29. Qf3 b5 30. axb5 cxb5 31. h4 b4 32. cxb4 Bxb4 33. h5 Bf8 34. Qd3 Ke7 35. Qa3+ Kf7 36. Qxa5 Kg7 37. Qe1 Qxe1+ 38. Bxe1 Kh6 39. b4 Kxh5 40. b5 Kg6 41. Ba5 Bd6 42. Bb6 Bb8 43. Bc5 Kh5 44. b6 Kg6 45. Kg2 Kf7 46. Kh3 Ke6 47. Kh4 1-0

[Event "British Championship 2024"]
[Site "Hull"]
[Date "2024.08.01"]
[Round "6.28"]
[White "Kalavannan, Koby"]
[Black "Madhavan, Sanjith"]
[Result "1-0"]
[Annotator "RC"]
[ECO "A45"]
[WhiteElo "2265"]
[BlackElo "1998"]
[PlyCount "75"]
[EventDate "2024.07.31"]
[EventCountry "GBR"]
[SourceTitle "playchess.com"]
[Source "ChessBase"]
[SourceQuality "1"]
[TimeControl "40/5400+30:1800+30"]

1. d4 Nf6 2. Bg5 e6 3. e4 h6 4. Bxf6 Qxf6 5. c3 b6 6. Bd3 g6 7. e5 Qd8 8. Qc2 Bg7 9. Nd2 Bb7 10. Ne2 O-O 11. h4 d6 12. O-O-O dxe5 13. dxe5 Qe7 14. f4 Nd7 15. Be4 Bxe4 16. Nxe4 Nc5 17. Nd4 Rad8 18. Nf2 a5 19. Rde1 Rd5 20. Ng4 Qd8 21. Kb1 Rxd4 22. cxd4 Qxd4 23. Rhf1 a4 24. Rd1 Qb4 25. Rf3 a3 26. b3 h5 27. Nf2 Na4 28. Qd2 Qb5 29. Qd3 Qxd3+ 30. Rdxd3 Nc5 31. Rc3 f6 32. b4 Na6 33. Nd3 c5 34. bxc5 bxc5 35. Rxa3 Nc7 36. Nxc5 fxe5 37. Ra7 Nb5 38. Rxg7+ 1-0

[Event "British Championship 2024"]
[Site "Hull"]
[Date "2024.08.01"]
[Round "6.29"]
[White "Van Zyl-Rudd, Jack"]
[Black "Subramanian, Anusha"]
[Result "1/2-1/2"]
[Annotator "RC"]
[ECO "E06"]
[WhiteElo "2292"]
[BlackElo "2050"]
[PlyCount "159"]
[EventDate "2024.07.31"]
[EventCountry "GBR"]
[SourceTitle "playchess.com"]
[Source "ChessBase"]
[SourceQuality "1"]
[TimeControl "40/5400+30:1800+30"]

1. d4 Nf6 2. c4 e6 3. g3 d5 4. Bg2 c6 5. Qc2 Be7 6. Nf3 O-O 7. O-O b6 8. b3 Bb7 9. Ba3 Nbd7 10. Bxe7 Qxe7 11. Nbd2 c5 12. cxd5 exd5 13. Rfe1 Rac8 14. Qb2 Ne4 15. dxc5 bxc5 16. Rac1 Rfe8 17. e3 Ndf6 18. Nxe4 Nxe4 19. Nd2 Nf6 20. Qa3 a6 21. Qa5 Qc7 22. Qxc7 Rxc7 23. Rc2 Nd7 24. Rec1 f5 25. Nb1 Kf7 26. Nc3 Ke6 27. Rd1 Nf6 28. Ne2 g6 29. Nf4+ Ke7 30. b4 c4 31. Nd3 Nd7 32. Nb2 Nb6 33. a4 Bc6 34. a5 Na4 35. Nxc4 dxc4 36. Bxc6 Rxc6 37. Ra1 Nc5 38. Rxc4 Nb3 39. Rxc6 Nxa1 40. Rxa6 Rb8 41. Ra7+ Ke6 42. Rxh7 Rxb4 43. a6 Ra4 44. a7 Nc2 45. Rg7 Kf6 46. Rb7 Na3 47. Kg2 Nc4 48. Rb4 Nxe3+ 49. fxe3 Rxa7 50. Kf3 Ra6 51. h3 Re6 52. g4 fxg4+ 53. hxg4 Rc6 54. Rb5 g5 55. Rd5 Rb6 56. Ke4 Ra6 57. Rd4 Rb6 58. Kd5 Rb5+ 59. Kc4 Re5 60. e4 Ke6 61. Kb4 Ke7 62. Rc4 Kf6 63. Kc3 Re6 64. Kd4 Rd6+ 65. Ke3 Ra6 66. Rd4 Ra3+ 67. Rd3 Ra6 68. Rb3 Rc6 69. Rb4 Ra6 70. Rb5 Ra4 71. Rf5+ Kg6 72. Kf3 Ra3+ 73. Kf2 Ra2+ 74. Kg3 Ra3+ 75. Rf3 Ra5 76. Rf8 Ra3+ 77. Kf2 Ra2+ 78. Ke3 Ra3+ 79. Kd4 Ra4+ 80. Kd5 1/2-1/2

[Event "British Championship 2024"]
[Site "Hull"]
[Date "2024.08.01"]
[Round "6.30"]
[White "Bradbury, Neil H"]
[Black "Ledger, Dave J"]
[Result "1/2-1/2"]
[Annotator "RC"]
[ECO "E51"]
[WhiteElo "2153"]
[BlackElo "2201"]
[PlyCount "45"]
[EventDate "2024.07.31"]
[EventCountry "GBR"]
[SourceTitle "playchess.com"]
[Source "ChessBase"]
[SourceQuality "1"]
[TimeControl "40/5400+30:1800+30"]

1. d4 Nf6 2. c4 e6 3. Nc3 Bb4 4. e3 d5 5. Nf3 O-O 6. Bd2 c5 7. a3 Bxc3 8. bxc3 Nc6 9. Qc2 b6 10. Bd3 dxc4 11. Bxc4 cxd4 12. cxd4 Bb7 13. O-O Rc8 14. Qd3 Rc7 15. Rfc1 Qc8 16. Bb5 Rd8 17. Bxc6 Rxc6 18. Ne5 Rc7 19. f3 Qb8 20. Rxc7 Qxc7 21. Qb3 Rc8 22. Rc1 Qd8 23. Rxc8 1/2-1/2

[Event "British Championship 2024"]
[Site "Hull"]
[Date "2024.08.01"]
[Round "6.31"]
[White "Shearsby, Jude"]
[Black "Brewer, Callum D"]
[Result "1/2-1/2"]
[Annotator "RC"]
[ECO "B12"]
[WhiteElo "2092"]
[BlackElo "2161"]
[PlyCount "87"]
[EventDate "2024.07.31"]
[EventCountry "GBR"]
[SourceTitle "playchess.com"]
[Source "ChessBase"]
[SourceQuality "1"]
[TimeControl "40/5400+30:1800+30"]

1. e4 c6 2. d4 d5 3. e5 Bf5 4. g4 Be4 5. f3 Bg6 6. e6 Qd6 7. exf7+ Bxf7 8. Nc3 Nd7 9. f4 h5 10. g5 e6 11. Bh3 Ne7 12. Qe2 O-O-O 13. Be3 Bg6 14. Nf3 Bf5 15. Bxf5 Nxf5 16. O-O-O g6 17. Rde1 Bg7 18. Rhf1 Nb6 19. Bd2 Rhe8 20. Qf2 Nc4 21. Nd1 c5 22. dxc5 Qa6 23. Kb1 Qb5 24. Ne5 Bxe5 25. fxe5 d4 26. b3 Rd5 27. a4 Nxd2+ 28. Qxd2 Qxc5 29. Nb2 Rxe5 30. Nd3 Rxe1+ 31. Rxe1 Qd6 32. Ne5 Rg8 33. Qd3 Kb8 34. Qe4 Ka8 35. Nc4 Qxh2 36. Qxe6 Qb8 37. Re5 Qd8 38. Ka2 Kb8 39. Rb5 Qc8 40. Qd5 Re8 41. Na5 Qxc2+ 42. Ka3 Qc1+ 43. Kb4 Qe1+ 44. Ka3 1/2-1/2

[Event "British Championship 2024"]
[Site "Hull"]
[Date "2024.08.01"]
[Round "6.33"]
[White "Rida, Ruqayyah"]
[Black "Toma, Katarzyna"]
[Result "0-1"]
[Annotator "RC"]
[ECO "B48"]
[WhiteElo "1962"]
[BlackElo "2220"]
[PlyCount "112"]
[EventDate "2024.07.31"]
[EventCountry "GBR"]
[SourceTitle "playchess.com"]
[Source "ChessBase"]
[SourceQuality "1"]
[TimeControl "40/5400+30:1800+30"]

1. e4 c5 2. Nf3 e6 3. d4 cxd4 4. Nxd4 Nc6 5. Nc3 Qc7 6. Be3 a6 7. Bd3 Nf6 8. O-O b5 9. a3 Bb7 10. Nb3 Ne5 11. Bf4 Bd6 12. Re1 Nf3+ 13. Qxf3 Bxf4 14. g3 Be5 15. Nd1 O-O 16. Qe2 Qb6 17. c3 Rad8 18. Nd2 Bc7 19. Nf3 e5 20. Qe3 d5 21. Qxb6 Bxb6 22. exd5 e4 23. Bxe4 Nxe4 24. Rxe4 Bxd5 25. Rf4 f6 26. h4 Rfe8 27. Ne3 Rxe3 28. fxe3 Bxe3+ 29. Kg2 Bxf4 30. gxf4 Be4 31. Kf2 Rd3 32. Nd4 f5 33. Rg1 Kf7 34. Ke2 Rh3 35. Nb3 Rxh4 36. Nc5 Rh2+ 37. Ke3 Rxb2 38. Nxa6 Rb3 39. Kd4 Rxa3 40. Nc5 h5 41. Rg5 g6 42. Nd7 Ra6 43. Ne5+ Kg7 44. Rg3 Re6 45. Kc5 h4 46. Rh3 g5 47. Kd4 Rd6+ 48. Kc5 Rd5+ 49. Kb4 Kf6 50. c4 bxc4 51. Nxc4 Rd3 52. Rh2 h3 53. fxg5+ Kxg5 54. Ne5 Rg3 55. Kc4 Kh4 56. Kd4 Rg2 0-1

[Event "British Championship 2024"]
[Site "Hull"]
[Date "2024.08.01"]
[Round "6.34"]
[White "Pang, Ethan"]
[Black "Saunders, Aron"]
[Result "1/2-1/2"]
[Annotator "ChessBase"]
[ECO "B13"]
[WhiteElo "2164"]
[BlackElo "2105"]
[PlyCount "241"]
[EventDate "2024.07.31"]
[EventCountry "GBR"]
[SourceTitle "playchess.com"]
[Source "ChessBase"]
[SourceQuality "1"]
[TimeControl "40/5400+30:1800+30"]

1. e4 c6 2. d4 d5 3. exd5 cxd5 4. Bd3 Nc6 5. c3 Nf6 6. Bf4 Bg4 7. Qb3 Qd7 8. Nd2 e6 9. Ngf3 Bd6 10. Ne5 Qc7 11. O-O Nd7 12. Rae1 Bh5 13. Bg3 Bxe5 14. Bxe5 Ncxe5 15. dxe5 O-O 16. Qc2 Bg6 17. Bxg6 hxg6 18. Nf3 Qc4 19. Nd4 Rac8 20. Qd2 Nc5 21. Re3 Ne4 22. Qc1 Qc7 23. Rfe1 Qe7 24. Rh3 Rc4 25. f3 Ng5 26. Rg3 Nh7 27. f4 Rfc8 28. Qd2 a6 29. Rg4 b5 30. a3 R4c5 31. Re3 a5 32. Rh3 Nf8 33. b4 axb4 34. axb4 R5c6 35. Nxc6 Rxc6 36. Rgh4 f5 37. exf6 gxf6 38. Qd4 Kg7 39. Rd3 Qc7 40. Qe3 Rc4 41. Rh3 Re4 42. Qc5 Qxc5+ 43. bxc5 Rc4 44. c6 Rxc6 45. Rd4 Nd7 46. Rb4 Rc5 47. Re3 e5 48. Rb3 Kf7 49. fxe5 fxe5 50. Re1 Ke6 51. Ra1 Nf6 52. Ra6+ Kf5 53. c4 Rxc4 54. Rf3+ Rf4 55. Rxf4+ exf4 56. Rb6 g5 57. h3 Ke5 58. Rxb5 Kf5 59. Kf2 Ke4 60. Rb6 Ke5 61. Kf3 Kf5 62. Rb7 Ke5 63. Rc7 Kf5 64. Rg7 Nh5 65. Rg8 Nf6 66. Rg7 Nh5 67. Re7 Nf6 68. Rc7 Ke5 69. Re7+ Kf5 70. Ke2 Ng8 71. Ra7 Nf6 72. Kd3 g4 73. hxg4+ Nxg4 74. Rg7 Ne5+ 75. Kd4 f3 76. gxf3 Nxf3+ 77. Kxd5 Ne5 78. Rg1 Kf4 79. Re1 Nf3 80. Re4+ Kf5 81. Re8 Kf4 82. Re6 Kf5 83. Re4 Ng5 84. Re1 Nf3 85. Re4 Ng5 86. Rc4 Nf3 87. Ra4 Ng5 88. Ra8 Ne6 89. Rc8 Nf4+ 90. Kd6 Ke4 91. Rf8 Nd3 92. Ke6 Nc5+ 93. Kd6 Nd3 94. Re8+ Kd4 95. Ke6 Ke4 96. Rd8 Nc5+ 97. Kf6 Nd3 98. Rd6 Nc5 99. Rd8 Nd3 100. Re8+ Kd4 101. Kf5 Nc5 102. Rd8+ Kc4 103. Ke5 Nd3+ 104. Ke4 Nc5+ 105. Ke3 Nb3 106. Rd6 Kc5 107. Rd1 Kc4 108. Rh1 Nc5 109. Rh5 Ne6 110. Re5 Nc5 111. Re7 Kd5 112. Rh7 Ne6 113. Rd7+ Ke5 114. Ra7 Nc5 115. Ra8 Kd5 116. Rc8 Ne6 117. Rb8 Nc5 118. Rb4 Ne6 119. Ra4 Nc5 120. Ra5 Kc4 121. Ra1 1/2-1/2

[Event "British Championship 2024"]
[Site "Hull"]
[Date "2024.08.01"]
[Round "6.35"]
[White "Verma, Shlok"]
[Black "Larchikov, Maksym"]
[Result "1/2-1/2"]
[Annotator "RC"]
[ECO "D36"]
[WhiteElo "2102"]
[BlackElo "2181"]
[PlyCount "90"]
[EventDate "2024.07.31"]
[EventCountry "GBR"]
[SourceTitle "playchess.com"]
[Source "ChessBase"]
[SourceQuality "1"]
[TimeControl "40/5400+30:1800+30"]

1. d4 d5 2. c4 e6 3. Nc3 Nf6 4. cxd5 exd5 5. Bg5 Be7 6. e3 c6 7. Bd3 O-O 8. Nf3 Nbd7 9. Qc2 Re8 10. h3 Nf8 11. O-O Ne4 12. Bf4 f5 13. Ne5 Ng6 14. Bh2 Bd6 15. f4 Nxe5 16. fxe5 Bf8 17. Nxe4 fxe4 18. Be2 Be6 19. Qd1 Qd7 20. Bf4 Be7 21. Qe1 Kh8 22. Qd2 a5 23. a4 Rg8 24. g4 Qd8 25. Kg2 Qb6 26. Bg3 Rgc8 27. Rfc1 Rf8 28. Rf1 Rfc8 29. Rfc1 Rf8 30. Rf1 Bb4 31. Rxf8+ Rxf8 32. Qd1 c5 33. Bf2 c4 34. Qc2 Rc8 35. Rf1 Qd8 36. Bg3 Qe8 37. Be1 Bd7 38. Bd1 Rc6 39. Bh4 h6 40. Bg3 Rg6 41. Kh2 Rb6 42. Kg2 Be7 43. Be1 Bb4 44. Bg3 Be7 45. Be1 Bb4 1/2-1/2

[Event "British Championship 2024"]
[Site "Hull"]
[Date "2024.08.01"]
[Round "6.36"]
[White "Pal, Rohan"]
[Black "Mitchell, Martin"]
[Result "1/2-1/2"]
[Annotator "RC"]
[ECO "B07"]
[WhiteElo "2097"]
[BlackElo "2159"]
[PlyCount "139"]
[EventDate "2024.07.31"]
[EventCountry "GBR"]
[SourceTitle "playchess.com"]
[Source "ChessBase"]
[SourceQuality "1"]
[TimeControl "40/5400+30:1800+30"]

1. e4 d6 2. d4 Nf6 3. Nc3 g6 4. g3 Bg7 5. Bg2 O-O 6. Nge2 Nbd7 7. O-O c5 8. h3 Rb8 9. Be3 b6 10. g4 cxd4 11. Bxd4 h6 12. Ng3 Bb7 13. Qd2 a6 14. a4 Kh7 15. Be3 Qc7 16. f4 Rbc8 17. Rf2 Ne8 18. Nge2 Nc5 19. Bf3 e5 20. f5 Nf6 21. Ng3 d5 22. exd5 e4 23. Bf4 Qd7 24. Ngxe4 Nfxe4 25. Nxe4 Nxe4 26. Bxe4 Bxb2 27. Rb1 Qxa4 28. fxg6+ fxg6 29. Qd3 Bd4 30. Bxg6+ Kg7 31. Be3 Bxe3 32. Qxe3 Rxf2 33. Qxf2 Bxd5 34. Rf1 Qc6 35. Bf5 Re8 36. Qd4+ Kg8 37. Bd3 Qd6 38. Bh7+ Kxh7 39. Rf7+ Bxf7 40. Qxd6 Re6 41. Qd3+ Kg7 42. Qxa6 Rc6 43. Qd3 Rc4 44. Kf2 b5 45. c3 Kg8 46. Ke3 b4 47. Qd8+ Kg7 48. cxb4 Rxb4 49. Kf2 Re4 50. Kg3 Re6 51. Qd4+ Kg8 52. Kf4 Rg6 53. h4 Be6 54. Qd8+ Kg7 55. Qe7+ Bf7 56. Qe5+ Kg8 57. Kf5 Rc6 58. h5 Ra6 59. g5 hxg5 60. Kxg5 Re6 61. Qb8+ Kg7 62. Qb2+ Kh7 63. Qc2+ Kg7 64. Qc3+ Kh7 65. Qd3+ Kg7 66. Qd4+ Kh7 67. Qc5 Kg7 68. Kg4 Re4+ 69. Kg5 Re6 70. Kg4 1/2-1/2

[Event "British Championship 2024"]
[Site "Hull"]
[Date "2024.08.01"]
[Round "6.37"]
[White "Stubbs, Oliver"]
[Black "Dicen, Elis Denele"]
[Result "1-0"]
[Annotator "RC"]
[ECO "D02"]
[WhiteElo "2146"]
[BlackElo "2073"]
[PlyCount "157"]
[EventDate "2024.07.31"]
[EventCountry "GBR"]
[SourceTitle "playchess.com"]
[Source "ChessBase"]
[SourceQuality "1"]
[TimeControl "40/5400+30:1800+30"]

1. d4 d5 2. Nf3 Nf6 3. Bf4 e6 4. e3 Bd6 5. Nbd2 O-O 6. c3 c5 7. Bd3 Qc7 8. Bxd6 Qxd6 9. Ne5 b6 10. f4 Ba6 11. Bc2 Nc6 12. g4 cxd4 13. exd4 Nd7 14. Nxd7 Qxd7 15. Qf3 Rac8 16. Qe3 Qd6 17. O-O-O b5 18. a3 Na5 19. h4 f6 20. Rde1 Rc6 21. f5 exf5 22. Bxf5 Bc8 23. Qe7 Qf4 24. Qe3 Qd6 25. Kb1 Nc4 26. Nxc4 bxc4 27. Ka2 Rb6 28. Qe7 Qb8 29. Re2 g6 30. Bxc8 Qxc8 31. h5 Rb7 32. Qd6 Qd7 33. Re6 Qb5 34. Qb4 Qd7 35. Rd6 Qf7 36. hxg6 hxg6 37. Qc5 Rfb8 38. Rh2 Rb5 39. Qc6 Qb7 40. Qxb7 R8xb7 41. Rxf6 Kg7 42. g5 R5b6 43. Rf3 a6 44. Rfh3 Kf7 45. Rh7+ Ke6 46. Re2+ Kd6 47. Rh8 Rd7 48. Rg8 Kc7 49. Ree8 Rdd6 50. a4 Rbc6 51. a5 Kb7 52. Ka3 Rc7 53. Rb8+ Ka7 54. Ra8+ Kb7 55. Rgb8+ Kc6 56. Rxa6+ Kd7 57. Rxd6+ Kxd6 58. Rb6+ Kd7 59. Rxg6 Kc8 60. Rd6 Kb7 61. Rxd5 Ka6 62. Rc5 Rb7 63. Rxc4 Rb5 64. Rc6+ Ka7 65. Rc5 Rb7 66. g6 Ka6 67. Rg5 Rg7 68. Kb3 Ka7 69. Kc4 Ka6 70. Kd5 Rb7 71. Ke6 Rxb2 72. Rg3 Ka7 73. g7 Rb7 74. g8=Q Rc7 75. Rg7 Rxg7 76. Qxg7+ Ka8 77. Kd6 Kb8 78. Kc6 Kc8 79. Qc7# 1-0

[Event "British Championship 2024"]
[Site "Hull"]
[Date "2024.08.01"]
[Round "6.39"]
[White "Larkin, Benjamin"]
[Black "Murawski, Jan"]
[Result "0-1"]
[Annotator "RC"]
[ECO "C56"]
[WhiteElo "1952"]
[BlackElo "2134"]
[PlyCount "52"]
[EventDate "2024.07.31"]
[EventCountry "GBR"]
[SourceTitle "playchess.com"]
[Source "ChessBase"]
[SourceQuality "1"]
[TimeControl "40/5400+30:1800+30"]

1. e4 e5 2. Nf3 Nc6 3. d4 exd4 4. Bc4 Nf6 5. e5 d5 6. Bb5 Ne4 7. Nxd4 Bd7 8. Bxc6 bxc6 9. O-O Bc5 10. f3 Ng5 11. f4 Ne4 12. Be3 Bb6 13. Nd2 Nxd2 14. Qxd2 c5 15. Nf3 d4 16. Bf2 Bc6 17. Bh4 Qd5 18. f5 h6 19. Kh1 Rg8 20. Rad1 g5 21. fxg6 Rxg6 22. b3 c4 23. c3 d3 24. Bf6 Qe4 25. Nh4 Qe2 26. Nf3 Be3 0-1

[Event "British Championship 2024"]
[Site "Hull"]
[Date "2024.08.01"]
[Round "6.40"]
[White "Lentzos, Ioanis"]
[Black "Merriman, James"]
[Result "1-0"]
[Annotator "RC"]
[ECO "A40"]
[WhiteElo "2119"]
[BlackElo "1974"]
[PlyCount "105"]
[EventDate "2024.07.31"]
[EventCountry "GBR"]
[SourceTitle "playchess.com"]
[Source "ChessBase"]
[SourceQuality "1"]
[TimeControl "40/5400+30:1800+30"]

1. c4 b6 2. d4 Bb7 3. Nc3 e6 4. e4 Bb4 5. f3 Qh4+ 6. g3 Bxc3+ 7. bxc3 Qe7 8. Qa4 c5 9. Bd3 Nc6 10. Ne2 cxd4 11. cxd4 Qb4+ 12. Qxb4 Nxb4 13. Bb1 Rc8 14. a3 Nc6 15. Bd2 Ba6 16. Ba2 Nge7 17. f4 O-O 18. Rc1 d6 19. Kf2 Nd8 20. Bb4 Nb7 21. Rhd1 Rfd8 22. g4 Nc6 23. d5 exd5 24. cxd5 Nxb4 25. axb4 Bxe2 26. Kxe2 a5 27. Rc6 Re8 28. Bb1 axb4 29. Rxb6 Nc5 30. Rxb4 h5 31. Kf3 hxg4+ 32. Kxg4 g6 33. h4 Nxe4 34. Bxe4 Rxe4 35. Rxe4 f5+ 36. Kg5 fxe4 37. Kxg6 Rc2 38. Re1 Rg2+ 39. Kf6 Rg4 40. Rxe4 Rxh4 41. Ke7 Rh6 42. Re6 Rh4 43. f5 Rf4 44. f6 Rf5 45. Rxd6 Re5+ 46. Re6 Rxd5 47. f7+ Kh7 48. Rh6+ Kxh6 49. f8=Q+ Kh7 50. Qf7+ Kh8 51. Qxd5 Kh7 52. Qg5 Kh8 53. Kf7 1-0

[Event "British Championship 2024"]
[Site "Hull"]
[Date "2024.08.01"]
[Round "6.41"]
[White "Verma, Aditya"]
[Black "Verbytski, Oleg"]
[Result "1/2-1/2"]
[Annotator "RC"]
[ECO "D35"]
[WhiteElo "2118"]
[BlackElo "2008"]
[PlyCount "68"]
[EventDate "2024.07.31"]
[EventCountry "GBR"]
[SourceTitle "playchess.com"]
[Source "ChessBase"]
[SourceQuality "1"]
[TimeControl "40/5400+30:1800+30"]

1. d4 d5 2. c4 e6 3. Nc3 Nf6 4. cxd5 exd5 5. Bg5 c6 6. e3 h6 7. Bf4 Bd6 8. Nge2 Bf5 9. h3 Ne4 10. Nxe4 Bxe4 11. Bxd6 Qxd6 12. Nc3 Bg6 13. Bd3 Nd7 14. Rb1 a5 15. O-O O-O 16. a4 Nb6 17. b3 Nd7 18. Rb2 b6 19. Qc2 Bxd3 20. Qxd3 Nf6 21. f3 Rfe8 22. Rd2 Rad8 23. Re1 Qg3 24. Qf1 c5 25. Qf2 Qb8 26. Red1 Qb7 27. Nb5 Qe7 28. Re1 cxd4 29. Nxd4 Rc8 30. Qg3 Qc7 31. Qf2 Qe5 32. Rc2 Rc5 33. Qd2 Rec8 34. Rec1 Nd7 1/2-1/2

[Event "British Championship 2024"]
[Site "Hull"]
[Date "2024.08.01"]
[Round "6.42"]
[White "Arnott, Jonathan W"]
[Black "Sanger, Jake M"]
[Result "1/2-1/2"]
[Annotator "RC"]
[ECO "B88"]
[WhiteElo "2104"]
[BlackElo "2026"]
[PlyCount "32"]
[EventDate "2024.07.31"]
[EventCountry "GBR"]
[SourceTitle "playchess.com"]
[Source "ChessBase"]
[SourceQuality "1"]
[TimeControl "40/5400+30:1800+30"]

1. e4 c5 2. Nf3 Nc6 3. Bc4 d6 4. O-O Nf6 5. Re1 a6 6. a4 e6 7. Nc3 Be7 8. d4 cxd4 9. Nxd4 Qc7 10. Nxc6 bxc6 11. Be3 a5 12. Qf3 O-O 13. Qg3 Nh5 14. Qf3 Nf6 15. Qg3 Nh5 16. Qf3 Nf6 1/2-1/2

[Event "British Championship 2024"]
[Site "Hull"]
[Date "2024.08.01"]
[Round "6.43"]
[White "Atako, Chino C"]
[Black "Beaumont, Chris R"]
[Result "0-1"]
[Annotator "RC"]
[ECO "D93"]
[WhiteElo "2003"]
[BlackElo "2198"]
[PlyCount "56"]
[EventDate "2024.07.31"]
[EventCountry "GBR"]
[SourceTitle "playchess.com"]
[Source "ChessBase"]
[SourceQuality "1"]
[TimeControl "40/5400+30:1800+30"]

1. d4 Nf6 2. c4 g6 3. Nc3 Bg7 4. Nf3 O-O 5. Bf4 d5 6. e3 c5 7. dxc5 Qa5 8. Rc1 dxc4 9. Bxc4 Qxc5 10. Qe2 Nc6 11. h3 e5 12. Bh2 e4 13. Nd2 Qe7 14. O-O h5 15. Rfd1 Bf5 16. Nf1 Rad8 17. Ng3 Bc8 18. Nd5 Nxd5 19. Bxd5 Nb4 20. Bc4 h4 21. Nf1 Bf5 22. a3 Nd3 23. Rb1 a6 24. a4 Qb4 25. b3 b5 26. axb5 axb5 27. Bxd3 exd3 28. Qf3 d2 0-1